 Dungeon Crawl Stone Soup version 0.29-a0-96-g93358da72b (webtiles) character file.

Game seed: 9423764215134339446

94 enile the Ducker (level 4, -2/32 HPs)
             Began as a Gnoll Wanderer on Feb 10, 2022.
             Killed from afar by Natasha (9 damage)
             ... with a magic dart
             ... on level 2 of the Dungeon.
             The game lasted 00:02:55 (2640 turns).

enile the Ducker (Gnoll Wanderer)                   Turns: 2640, Time: 00:02:55

Health: -2/32      AC:  3    Str:  8    XL:     4   Next: 63%
Magic:  6/8        EV: 15    Int: 12    God:
Gold:   68         SH:  0    Dex: 16    Spells: 6/9 levels left

rFire   + . .      SeeInvis .   a - +0 quarterstaff
rCold   + . .      Faith    .   (shield currently unavailable)
rNeg    . . .      Spirit   .   c - +0 robe
rPois   +          Reflect  .   (no helmet)
rElec   +          Harm     .   (no cloak)
rCorr   +          Rampage  .   (no gloves)
Will    .....                   b - +0 pair of boots
Stlth   ++........              (no amulet)
HPRegen 0.10/turn               (no ring)
MPRegen 0.11/turn               (no ring)

@: resistant
A: fangs 1, strong nose, distributed training
a: no special abilities


You were on level 2 of the Dungeon.
You visited 1 branch of the dungeon, and saw 2 of its levels.

You collected 68 gold pieces.

Inventory:

Hand Weapons
 a - a +0 quarterstaff (weapon)
Armour
 b - a +0 pair of boots (worn)
 c - a +0 robe (worn)
Scrolls
 f - 2 scrolls of identify


   Skills:
 + Level 1.2 Fighting
 + Level 1.2 Short Blades
 + Level 1.2 Long Blades
 + Level 1.2 Axes
 + Level 1.2 Maces & Flails
 + Level 1.2 Polearms
 + Level 6.6 Staves
 + Level 1.2 Slings
 + Level 1.2 Bows
 + Level 1.2 Crossbows
 + Level 1.2 Throwing
 + Level 1.2 Armour
 + Level 6.6 Dodging
 + Level 1.2 Stealth
 + Level 1.2 Shields
 + Level 1.2 Unarmed Combat
 + Level 3.0 Spellcasting
 + Level 1.0 Conjurations
 + Level 1.0 Hexes
 + Level 1.0 Summonings
 + Level 1.0 Necromancy
 + Level 1.0 Translocations
 + Level 1.0 Transmutations
 + Level 1.0 Fire Magic
 + Level 1.0 Ice Magic
 + Level 1.0 Air Magic
 + Level 1.0 Earth Magic
 + Level 5.5 Poison Magic
 + Level 1.3 Invocations
 + Level 1.2 Evocations


You had 6 spell levels left.
You knew the following spells:

 Your Spells              Type           Power      Damage    Failure   Level
a - Sting                 Tmut/Pois      36%        1d4       6%          1
b - Poisonous Vapours     Pois/Air       18%        N/A       10%         2

Your spell library contained the following spells:

 Spells                   Type           Power      Damage    Failure   Level
 Mephitic Cloud           Conj/Pois/Air  7%         N/A       26%         3


Dungeon Overview and Level Annotations

Branches:
Dungeon (2/15)

Altars:

Annotations:
D:2 1 runed translucent door, Crazy Yiuf, Jessica, Natasha


Innate Abilities, Weirdness & Mutations

You have very sharp teeth.
Your uncanny sense of smell can sniff out nearby items.
Your experience applies equally to all skills.


Message History

Aim: Natasha, carrying a wand of flame (23) (lightly wounded, poisoned, 60% to hit)
The sting misses Natasha.
Natasha casts a spell at you. The magic dart hits you!
* * * LOW HITPOINT WARNING * * *
It was a potion of resistance.
You feel protected.
Natasha drinks a potion.
Natasha flickers and vanishes!
Deactivating autopickup; reactivate with Ctrl-A.
You hear a zap.
A puff of flame appears from out of thin air!
The puff of flame misses you.
It was a potion of heal wounds.
You feel much better. Something claws you but does no damage.
You barely miss something. Something claws you!
You closely miss something. Your bite misses something. Something claws you.
You closely miss something.
You hear a zap.
A puff of flame appears from out of thin air!
The puff of flame hits you. You resist.
You closely miss something. Your bite misses something.
You hear a zap.
A puff of flame appears from out of thin air!
The puff of flame hits you. You resist.
You miss something. Something claws you.
You miss something. Something claws you.
* * * LOW HITPOINT WARNING * * *
Casting: Sting (safe; 6% risk of failure)
Confirm with . or Enter, or press ? or * to list all spells.
Okay, then.
Blink to where?
Press: ? - help, Dir - move target
As you read the scroll labelled JUESTR LIKID, it crumbles to dust.
It was a scroll of blinking.
As you read the scroll labelled QORPHIU QUMIFOPS, it crumbles to dust.
You hear a loud clanging noise!
It was a scroll of noise.
A magic dart appears from out of thin air!
The magic dart hits you!
You die...

#.........#.......#.##.###...h#
#...........#####.#........##..
#..<...####.###...#.....#...#.#
#......##.#...#.#.#.....#......
#......##.#.#.#.#.......#......
#......##.....#{######..#......
#......########.# #..#...#..
#.)....##.....#.# #..###.#..
#......##.....@.# #... .#.#
#......########## #.###
#......# ∆ ########


There were no monsters in sight!

Vanquished Creatures
  Natasha (twice) (D:2)
  An adder (D:2)
  2 endoplasms (D:1)
  A giant cockroach (D:2)
  4 hobgoblins (D:1)
  4 jackals (D:2)
  6 kobolds
  2 ball pythons (D:1)
  6 bats
  3 goblins
  2 rats (D:1)
33 creatures vanquished.

Vanquished Creatures (others)
  5 toadstools (D:1)
5 creatures vanquished.

Grand Total: 38 creatures vanquished

Notes
Turn   | Place    | Note
-------+----------+-------------------------------------------
     0 | D:1      | enile the Gnoll Wanderer began the quest for the Orb.
     0 | D:1      | enile set off with the following items: a +0 quarterstaff,
                  | a +0 pair of boots, a +0 robe; and the following spell
                  | memorised: Sting; and the following spells available to
                  | memorise: Poisonous Vapours, Mephitic Cloud
     0 | D:1      | Reached XP level 1. HP: 13/13 MP: 4/4
   538 | D:1      | Reached XP level 2. HP: 19/19 MP: 5/5
  1488 | D:2      | Reached XP level 3. HP: 25/25 MP: 5/7
  1491 | D:2      | Learned a level 2 spell: Poisonous Vapours
  1709 | D:2      | Noticed Natasha
  1719 | D:2      | Killed Natasha
  1720 | D:2      | Reached skill level 1 in Fighting
  1720 | D:2      | Reached skill level 1 in Short Blades
  1720 | D:2      | Reached skill level 1 in Long Blades
  1720 | D:2      | Reached skill level 1 in Axes
  1720 | D:2      | Reached skill level 1 in Maces & Flails
  1720 | D:2      | Reached skill level 1 in Polearms
  1720 | D:2      | Reached skill level 1 in Slings
  1720 | D:2      | Reached skill level 1 in Bows
  1720 | D:2      | Reached skill level 1 in Crossbows
  1720 | D:2      | Reached skill level 1 in Throwing
  1720 | D:2      | Reached skill level 1 in Armour
  1720 | D:2      | Reached skill level 1 in Stealth
  1720 | D:2      | Reached skill level 1 in Shields
  1720 | D:2      | Reached skill level 1 in Unarmed Combat
  1720 | D:2      | Reached skill level 1 in Invocations
  1720 | D:2      | Reached skill level 1 in Evocations
  1905 | D:2      | Found a runed translucent door.
  1906 | D:2      | Noticed Crazy Yiuf
  1951 | D:2      | Reached XP level 4. HP: 32/32 MP: 1/8
  2207 | D:2      | Noticed Natasha
  2215 | D:2      | Killed Natasha
  2355 | D:2      | Noticed Jessica
  2379 | D:2      | Reached skill level 1 in Conjurations
  2379 | D:2      | Reached skill level 1 in Hexes
  2379 | D:2      | Reached skill level 1 in Summonings
  2379 | D:2      | Reached skill level 1 in Necromancy
  2379 | D:2      | Reached skill level 1 in Translocations
  2379 | D:2      | Reached skill level 1 in Transmutations
  2379 | D:2      | Reached skill level 1 in Fire Magic
  2379 | D:2      | Reached skill level 1 in Ice Magic
  2379 | D:2      | Reached skill level 1 in Air Magic
  2379 | D:2      | Reached skill level 1 in Earth Magic
  2382 | D:2      | Noticed Natasha
  2640 | D:2      | Killed from afar by Natasha

Illustrated notes

Levels and vault maps discovered:
D:1:      ldierk_walled_garden, layout_loops_corners
D:2:      layout_basic, uniq_natasha, uniq_jessica, uniq_crazy_yiuf_cottage

Skill      XL: |  1  2  3  4 |
---------------+-------------+-----
Fighting       | 1 |  1.2
Short Blades   | 1 |  1.2
Long Blades    | 1 |  1.2
Axes           | 1 |  1.2
Maces & Flails | 1 |  1.2
Polearms       | 1 |  1.2
Slings         | 1 |  1.2
Bows           | 1 |  1.2
Crossbows      | 1 |  1.2
Throwing       | 1 |  1.2
Armour         | 1 |  1.2
Stealth        | 1 |  1.2
Shields        | 1 |  1.2
Unarmed Combat | 1 |  1.2
Invocations    | 1 |  1.3
Evocations     | 1 |  1.2
Spellcasting   | 3 |  3.0
Conjurations   | 1 |  1.0
Hexes          | 1 |  1.0
Summonings     | 1 |  1.0
Necromancy     | 1 |  1.0
Translocations | 1 |  1.0
Transmutations | 1 |  1.0
Fire Magic     | 1 |  1.0
Ice Magic      | 1 |  1.0
Air Magic      | 1 |  1.0
Earth Magic    | 1 |  1.0
Staves         | |  6.6
Dodging        | |  6.6
Poison Magic   | |  5.5

Action                   |  1- 3 |  4- 6 || total
-------------------------+-------+-------++-------
Melee: Quarterstaff      |    59 |    24 ||    83
       Bite              |     3 |     1 ||     4
 Cast: Sting             |    10 |     8 ||    18
       Poisonous Vapours |     7 |       ||     7
  Use: Scroll            |       |     4 ||     4
       Potion            |       |     2 ||     2
 Stab: Sleeping          |     1 |     1 ||     2
Armor: Robe              |    10 |     5 ||    15
Dodge: Dodged            |    43 |    23 ||    66

Table legend: (Time is in decaauts)
 A = Elapsed time spent in this place.
 B = Non-inter-level travel time spent in this place.
 C = Inter-level travel time spent in this place.
 D = Time resting spent in this place.
 E = Time spent auto-exploring this place.
 F = Levels seen in this place.
 G = Mean time per level.
                   A        B        C        D        E       F      G
               +--------+--------+--------+--------+--------+-----+--------+
         Total |   2649 |   2605 |     44 |      3 |   2347 |   2 | 1324.5 |
       Dungeon |   2649 |   2605 |     44 |      3 |   2347 |   2 | 1324.5 |
               +--------+--------+--------+--------+--------+-----+--------+

Top non-repeatable levels by time:
     D:1: 1483 daAuts
     D:2: 1165 daAuts
